 Dungeon Crawl Stone Soup version 0.18.1-48-g4cf74bf (webtiles) character file.

111 juanjsm the Sneak (level 4, -4/22 HPs)
             Began as a Spriggan Enchanter on Aug 30, 2016.
             Slain by an orc
             ... wielding a +0 hand axe of chopping
              (6 damage)
             ... on level 3 of the Dungeon.
             The game lasted 00:08:16 (1631 turns).

juanjsm the Sneak (Spriggan Enchanter)              Turns: 1631, Time: 00:08:16

Health: -4/22      AC:  9    Str:  4    XL:     4   Next: 62%
Magic:  1/10       EV: 19    Int: 16    God:
Gold:   143        SH:  0    Dex: 17    Spells: 4 memorised, 1 level left

rFire  . . .     SeeInvis +     p - +1 dagger (protect)
rCold  . . .     Gourm    .     b - +1 robe
rNeg   . . .     Faith    .     (shield restricted)
rPois  .         Spirit   .     (helmet restricted)
rElec  .         Dismiss  .     (no cloak)
rCorr  .         Reflect  .     (gloves unavailable)
SustAt .         Harm     .     (boots unavailable)
MR     .....                    (no amulet)
Stlth  +++.......               (no ring)
                                m - +1 ring of protection

@: very slightly contaminated, very quick, not resistant to hostile
enchantments, fairly stealthy
A: unfitting armour, see invisible, herbivore 3, speed 3, slow metabolism 2
a: no special abilities


You were on level 3 of the Dungeon.
You were hungry.

You visited 1 branch of the dungeon, and saw 3 of its levels.

You collected 143 gold pieces.

Inventory:

Hand Weapons
 a - a +1 dagger
 p - a +1 dagger of protection (weapon)
Armour
 b - a +1 robe (worn)
Jewellery
 m - a +1 ring of protection (left hand)
Scrolls
 f - 5 scrolls of enchant weapon {unknown}
 h - 3 scrolls of remove curse {unknown}
 i - 2 scrolls of teleportation {unknown}
 k - a scroll of fog {unknown}
 l - a scroll of amnesia {unknown}
 o - a scroll of enchant armour {unknown}
 r - 2 scrolls of random uselessness {unknown}
 t - a scroll of recharging {unknown}
Potions
 e - a potion of heal wounds {unknown}
 g - a potion of mutation {unknown}
 j - 2 potions of curing {unknown}
 n - a potion of might {unknown}
 q - a potion of brilliance {unknown}
 s - a potion of beneficial mutation {unknown}
 v - a potion of cancellation {unknown}
Books
 c - a book of Maledictions

   Spells                             Type                      Level
   a - Corona                         Hexes                        1
   b - Ensorcelled Hibernation        Hexes/Ice                    2
   c - Confuse                        Hexes                        3
   d - Tukima's Dance                 Hexes                        3
   e - Dazzling Spray                 Conjuration/Hexes            3
Comestibles
 d - a bread ration
 u - 3 fruits


   Skills:
 + Level 1.0 Fighting
 + Level 1.8 Short Blades
 + Level 3.8 Dodging
 + Level 5.3 Stealth
 * Level 3.8 Spellcasting
 + Level 4.3 Hexes


You had one spell level left.
You knew the following spells:

 Your Spells              Type           Power        Failure   Level  Hunger
a - Corona                Hex            ###....      3%          1    None
b - Ensorcelled Hibernat  Hex/Ice        #.....       12%         2    ##.....
c - Confuse               Hex            ###.....     12%         3    ###....
d - Dazzling Spray        Conj/Hex       #.....       21%         3    ###....


Dungeon Overview and Level Annotations

Branches:
Dungeon (3/15)

Altars:
Ashenzari
Ru


Innate Abilities, Weirdness & Mutations

You are tiny and cannot use many weapons and most armour.
You have supernaturally acute eyesight.
You are a herbivore.
You cover ground extremely quickly.
You need consume almost no food.


Message History

The orc is lightly wounded.
The orc closely misses you.
You barely miss the orc.
The orc is lightly wounded.
The orc barely misses you.
You barely miss the orc.
The orc is lightly wounded.
You hit the orc.
The orc is heavily wounded.
The orc barely misses you.
You closely miss the orc.
The orc is heavily wounded.
The orc barely misses you.
You barely miss the orc.
The orc is heavily wounded.
The orc completely misses you.
You barely miss the orc.
The orc is heavily wounded.
The orc hits you with a hand axe of chopping.
You die...

####### .# ### #...... .### ##.##
#.####. .....###...## #.# #.
.....)......###### ### #. o#
#.....oo......# ## .#
#####..######o# # .# #..# #@# ###
# .#######o.# #.# #.. #
...og.....## #.# #.# #
########.o.####### #.# #
..#####....#P..PP#####.# ##
.....#.....#^..PP#...#.# #####.
..##.......#^._PP.#.#..#####.....
...........#^.^.P#####...<.......
..##.......#^..P. ####.#####.....


You could see an orc.

Vanquished Creatures
  An orc wizard (D:3)
  2 adders (D:2)
  3 oozes
  A worm (D:3)
  2 dart slugs (D:1)
  A giant gecko (D:3)
  3 orcs (D:3)
  3 ball pythons
  A giant cockroach (D:2)
  4 goblins
  4 hobgoblins
  3 jackals (D:3)
  3 kobolds
  3 bats (D:1)
  A giant newt (D:2)
  8 rats
43 creatures vanquished.

Notes
Turn   | Place    | Note
--------------------------------------------------------------
     0 | D:1      | juanjsm the Spriggan Enchanter began the quest for the Orb.
     0 | D:1      | Reached XP level 1. HP: 9/9 MP: 5/5
    99 | D:1      | Reached XP level 2. HP: 7/13 MP: 6/6
   103 | D:1      | Learned a level 2 spell: Ensorcelled Hibernation
   829 | D:1      | Reached XP level 3. HP: 14/17 MP: 1/8
   834 | D:1      | Learned a level 3 spell: Confuse
  1109 | D:2      | Reached skill level 5 in Stealth
  1408 | D:3      | Reached skill level 1 in Fighting
  1408 | D:3      | Reached XP level 4. HP: 22/22 MP: 2/10
  1413 | D:3      | Learned a level 3 spell: Dazzling Spray
  1469 | D:3      | Found a sacrificial altar of Ru.
  1502 | D:3      | Found a shattered altar of Ashenzari.
  1620 | D:3      | HP: 1/22 [orc wizard/dagger (4)]
  1631 | D:3      | Slain by an orc

Skill      XL: |  1  2  3 |
---------------+----------+-----
Spellcasting   | 3 |  3.8
Hexes          | 4 |  4.3
Stealth        | 5 |  5.3
Fighting       | 1 |  1.0
Short Blades   | |  1.8
Dodging        | |  3.8

Action                   |  1- 3 |  4- 6 || total
-------------------------+-------+-------++-------
Melee: Dagger            |   103 |    42 ||   145
 Cast: Corona            |     4 |       ||     4
       Ensorcelled Hiber |    20 |     7 ||    27
       Confuse           |     2 |       ||     2
 Stab: Sleeping          |    24 |     5 ||    29
       Confused          |     1 |       ||     1
Armor: Robe              |    18 |    10 ||    28
Dodge: Dodged            |    67 |    34 ||   101
